 Dungeon Crawl Stone Soup version 0.21.1-1-g345015fe64 (webtiles) character file.

966 NullDivider the Sneak (level 8, -6/55 HPs)
             Began as an Octopode Assassin on Apr 30, 2018.
             Was an Initiate of Gozag.
             Killed from afar by an electric eel (12 damage)
             ... with a bolt of electricity
             ... on level 6 of the Dungeon.
             The game lasted 00:19:46 (5338 turns).

NullDivider the Sneak (Octopode Assassin)           Turns: 5338, Time: 00:19:47

Health: -6/55      AC:  1    Str: 10    XL:     8   Next: 15%
Magic:  8/8        EV: 18    Int: 14    God:    Gozag
Gold:   209        SH:  0    Dex: 15    Spells: 7/7 levels left

rFire    . . .     SeeInvis .   z - +1 dagger (speed)
rCold    . . .     Gourm    .   (no shield)
rNeg     . . .     Faith    .   (helmet restricted)
rPois    .         Spirit   .   (no amulet)
rElec    .         Reflect  .   i - +3 ring of evasion
rCorr    .         Harm     .   (no ring)
MR       .....                  (no ring)
Stlth    +++++.....             (no ring)
HPRegen  0.18/turn              (no ring)
MPRegen  0.11/turn              (no ring)
                                (no ring)
                                (no ring)

@: no status effects
A: almost no armour, stealthy swim, amphibious, 8 rings, constrict 8, camouflage
1, gelatinous body 1
a: Potion Petition, Call Merchant, Bribe Branch, Renounce Religion


You were on level 6 of the Dungeon.
You worshipped Gozag.
Gozag was aware of your devotion.
You were hungry.

You visited 2 branches of the dungeon, and saw 7 of its levels.

You collected 298 gold pieces.
You paid 89 gold pieces to Gozag.

Inventory:

Hand Weapons
 a - a +2 dagger
 b - a +0 blowgun
 z - a +1 dagger of speed (weapon)
Missiles
 c - 22 poisoned needles
 d - 2 curare-tipped needles
Jewellery
 i - a +3 ring of evasion (left tentacle)
Wands
 g - a wand of acid (5)
 p - a wand of disintegration (12)
 A - a wand of random effects (16)
Scrolls
 e - 2 scrolls of fog
 k - 2 scrolls of remove curse
 m - 9 scrolls of teleportation
 o - a scroll of identify
 t - a scroll of immolation {unknown}
 v - 2 scrolls of amnesia
 x - a scroll of enchant armour
 y - a scroll of magic mapping {unknown}
 B - a scroll of enchant weapon {unknown}
Potions
 h - 2 potions of curing {unknown}
 j - 2 potions of brilliance {unknown}
 l - 2 potions of cancellation {unknown}
 n - 3 potions of heal wounds {unknown}
 q - a potion of flight {unknown}
 r - a potion of resistance {unknown}
 s - 3 potions of haste {unknown}
 u - a potion of magic {unknown}
 w - 2 potions of might {unknown}
Comestibles
 f - 19 rations


   Skills:
 * Level 5.0 Fighting
 * Level 5.0 Short Blades
 + Level 3.6 Throwing
 * Level 4.4 Dodging
 + Level 7.0 Stealth


You had 7 spell levels left.
You didn't know any spells.

Dungeon Overview and Level Annotations

Branches:
Dungeon (6/15)             Temple (1/1) D:5

Altars:
Dithmenos
Elyvilon
Gozag
Kikubaaqudgha
Nemelex Xobeh
Qazlal
Ru
Sif Muna
Trog
Uskayaw
Wu Jian
Xom
The Shining One

Annotations:
D:4 Tali's ghost, amateur DsBe


Innate Abilities, Weirdness & Mutations

You cannot wear most types of armour.
You are very stealthy in the water. (Stealth+)
You are amphibious.
You can wear up to eight rings at the same time.
You can use your tentacles to constrict eight enemies at once.
Your skin changes colour to match your surroundings (Stealth+).
Your rubbery body absorbs attacks. (AC +1, EV +1)


Message History

The electric eel shoots out a bolt of lightning at you!
The bolt of electricity hits the plant. x2; The bolt of electricity hits you!
You release your grip on the plant.
The electric eel shoots out a bolt of lightning at you!
The bolt of electricity hits the plant. x2; The bolt of electricity hits you!
You hear a shout! 3 orcs, an orc warrior and an orc wizard come into view.
The orc shouts!
The orc wizard moves out of view.
Found a ring mail.
The electric eel shoots out a bolt of lightning at you!
The bolt of electricity hits the plant. x2; The bolt of electricity hits you! x2
* * * LOW HITPOINT WARNING * * *
You hear a shout!
There is a stone staircase leading up here.
The electric eel shoots out a bolt of lightning at you!
The bolt of electricity hits the plant. x2; The bolt of electricity misses you.
The bolt of electricity hits you!
You die...
Your body crumbles into a pile of gold. .PPP

≈≈P.P# ..PP♣
≈≈≈P.#
#P$PP♣♣≈≈≈≈##
#.PP♣≈≈≈≈PP.#
≈.P≈≈≈♣≈P≈..
♣≈≈≈PP.P#
♣;≈PPPP# #@#
#.# #.#
#o.o..#.[.o...
.o#####
###.###


You could see an electric eel.

Vanquished Creatures
  A water moccasin (D:5)
  2 ogres (D:5)
  A centaur (D:4)
  Blork the orc (D:5)
  A water moccasin skeleton (D:5)
  A crimson imp (D:4)
  A bullfrog zombie (D:5)
  A bullfrog skeleton (D:5)
  A hound (D:4)
  2 orc wizards (D:3)
  An iguana (D:5)
  3 worker ants
  A hound skeleton (D:4)
  A gnoll (D:1)
  10 adders
  2 oozes
  An adder skeleton (D:4)
  2 worms
  4 dart slugs
  4 leopard geckos
  4 orcs (D:3)
  5 giant cockroaches
  8 goblins
  5 hobgoblins
  5 quokkas
  2 ball pythons
  2 bats (D:1)
  6 frilled lizards
  8 kobolds
  2 leopard gecko skeletons
  9 rats
97 creatures vanquished.

Notes
Turn   | Place    | Note
-------+----------+-------------------------------------------
     0 | D:1      | NullDivider the Octopode Assassin began the quest for the Orb.
     0 | D:1      | Reached XP level 1. HP: 14/14 MP: 1/1
   264 | D:1      | Reached XP level 2. HP: 10/19 MP: 2/2
   887 | D:1      | Reached XP level 3. HP: 21/25 MP: 3/3
  1350 | D:2      | Found a glowing golden altar of the Shining One.
  1587 | D:2      | Reached XP level 4. HP: 28/30 MP: 4/4
  2002 | D:2      | Found a bloodstained altar of Trog.
  2002 | D:2      | Found a sacrificial altar of Ru.
  2503 | D:3      | Found a shimmering altar of Xom.
  2628 | D:3      | Reached XP level 5. HP: 33/36 MP: 5/5
  3163 | D:4      | Reached skill level 6 in Stealth
  3163 | D:4      | Reached XP level 6. HP: 40/42 MP: 6/6
  3239 | D:4      | Noticed Tali's ghost (amateur DsBe)
  3700 | D:4      | Reached XP level 7. HP: 6/48 MP: 7/7
  4333 | D:5      | Entered Level 5 of the Dungeon
  4740 | D:5      | Found a white marble altar of Elyvilon.
  4795 | D:5      | Got a bloodstained cloak
  4906 | D:5      | Found a staircase to the Ecumenical Temple.
  5076 | D:5      | Reached XP level 8. HP: 54/54 MP: 8/8
  5087 | D:5      | Noticed Blork the orc
  5090 | D:5      | Killed Blork the orc
  5100 | D:5      | Reached skill level 5 in Fighting
  5100 | D:5      | Reached skill level 5 in Short Blades
  5100 | D:5      | Reached skill level 7 in Stealth
  5292 | Temple   | Entered the Ecumenical Temple
  5298 | Temple   | Became a worshipper of Gozag Ym Sagoz the Greedy
  5338 | D:6      | Killed from afar by an electric eel

Skill      XL: |  1  2  3  4  5  6  7  8 |
---------------+-------------------------+-----
Dodging        | 2 3 4 |  4.4
Short Blades   | 3 4 5 |  5.0
Fighting       | 3 4 5 |  5.0
Stealth        | 6 7 |  7.0
Throwing       | 3 |  3.6

Action                   |  1- 3 |  4- 6 |  7- 9 || total
-------------------------+-------+-------+-------++-------
Melee: Dagger            |    51 |   142 |    56 ||   249
       Constrict         |    10 |    26 |     5 ||    41
       Tentacles         |     9 |    32 |    15 ||    56
Evoke: Wand              |       |       |     1 ||     1
  Use: Scroll            |     3 |     5 |       ||     8
 Stab: Sleeping          |    15 |    15 |     7 ||    37
       Distracted        |       |     1 |       ||     1
  Eat: Chunk             |     2 |     7 |     4 ||    13
Armor: Skin              |     3 |     4 |     1 ||     8
Dodge: Dodged            |    23 |    70 |    19 ||   112
